Map: Hidden Caves

Players

Wack

  • Race: Protoss Protoss

IamQ

  • Race: Terran Terran

Lobo

  • Race: Protoss Protoss
  • League: Gold

reddock

  • Race: Terran Terran
  • League: Gold

originaldead - Winner!

  • Race: Zerg Zerg

YippyKiYay - Winner!

  • Race: Terran Terran

SkylinE - Winner!

  • Race: Protoss Protoss
  • League: Gold

Kanibal - Winner!

  • Race: Protoss Protoss

VOD

Have the link to the VOD?

Description

Time

  • Played on: Sept. 26, 2016, 1:44 p.m.
  • Length: 32:57
Show
View Real Time Build Order
Export as new Build Order

Wack Protoss 

Build Orders:  

Get SALT Encoding   

  12  0:02  Probe (Chrono Boost)  
  13  0:13  Probe (Chrono Boost)  
  14  0:20  Pylon  
  14  0:23  Probe (Chrono Boost)  
  15  0:41  Forge, Probe (Chrono Boost)  
  16  0:51  Probe (Chrono Boost)  
  17  1:02  Probe (Chrono Boost)  
  18  1:25  Pylon  
  18  2:10  Probe (Chrono Boost)  
  18  2:11  Gateway  
  19  2:30  Probe (Chrono Boost)  
  19  2:31  Nexus  
  19  2:36  Assimilator  
  20  2:37  Pylon, Assimilator  
  20  2:40  Probe (Chrono Boost)  
  22  2:51  Probe (Chrono Boost)  
  22  2:54  Pylon  
  22  2:57  Pylon  
  22  3:02  Probe (Chrono Boost)  
  23  3:09  Photon Cannon  
  23  3:11  Cybernetics Core  
  23  3:12  Probe (Chrono Boost)  
  24  3:13  Pylon, Photon Cannon  
  24  3:23  Probe (Chrono Boost)  
  25  3:32  Photon Cannon  
  25  3:33  Probe (Chrono Boost)  
  26  3:42  Photon Cannon  
  26  3:44  Probe (Chrono Boost)  
  27  3:49  Photon Cannon  
  27  3:53  Probe (Chrono Boost)  
  27  3:54  Probe (Chrono Boost)  
  29  4:03  Probe (Chrono Boost)  
  30  4:13  Stargate  
  30  4:14  Probe (Chrono Boost)  
  31  4:19  Photon Cannon  
  31  4:23  Photon Cannon  
  31  4:29  Probe (Chrono Boost)  
  32  4:36  Stargate  
  32  4:40  Probe (Chrono Boost)  
  33  4:47  Stargate  
  33  4:50  Probe (Chrono Boost)  
  34  4:55  Pylon  
  34  4:58  Probe (Chrono Boost)  
  35  5:08  Nexus, Probe (Chrono Boost)  
  36  5:17  Assimilator  
  36  5:19  Probe (Chrono Boost)  
  36  5:20  Assimilator  
  37  5:29  Probe (Chrono Boost)  
  37  5:34  Fleet Beacon  
  38  5:40  Probe (Chrono Boost)  
  39  5:50  Probe (Chrono Boost)  
  40  6:00  Pylon  
  40  6:01  Probe (Chrono Boost)  
  40  6:03  Pylon  
  41  6:06  Pylon  
  41  6:11  Probe (Chrono Boost)  
  41  6:14  Stargate  
  41  6:15  Stargate  
  42  6:22  Photon Cannon, Probe (Chrono Boost)  
  43  6:28  Photon Cannon  
  43  6:32  Probe (Chrono Boost)  
  44  6:33  Photon Cannon  
  44  6:36  Probe (Chrono Boost)  
  45  6:44  Photon Cannon  
  45  6:47  Probe (Chrono Boost)  
  45  6:52  Photon Cannon  
  45  6:53  Photon Cannon  
  46  6:58  Probe (Chrono Boost)  
  46  7:00  Photon Cannon  
  47  7:02  Photon Cannon  
  47  7:07  Photon Cannon, Probe (Chrono Boost)  
  49  7:08  Probe (Chrono Boost)  
  49  7:14  Photon Cannon  
  49  7:16  Pylon  
  49  7:19  Probe (Chrono Boost)  
  49  7:21  Carrier  
  50  7:23  Pylon  
  50  7:28  Pylon  
  50  7:29  Probe (Chrono Boost)  
  51  7:30  Carrier  
  57  7:40  Probe (Chrono Boost)  
  64  7:50  Probe (Chrono Boost)  
  65  7:51  Carrier  
  71  8:01  Probe (Chrono Boost)  
  72  8:09  Carrier  
  72  8:11  Probe (Chrono Boost)  
  79  8:16  Carrier  
  85  8:22  Probe (Chrono Boost)  
  85  8:23  Assimilator  
  86  8:32  Probe (Chrono Boost)  
  87  8:35  Carrier  
  87  8:37  Assimilator  
  87  8:43  Probe (Chrono Boost)  
  94  8:51  Carrier  
  94  8:53  Probe (Chrono Boost)  
  95  9:04  Probe (Chrono Boost)  
  102  9:10  Graviton Catapult  
  102  9:15  Probe (Chrono Boost)  
  103  9:17  Carrier  
  109  9:29  Photon Cannon  
  109  9:31  Photon Cannon  
  109  9:38  Carrier  
  115  9:52  Carrier  
  121  10:08  Robotics Facility  
  121  10:11  Carrier  
  129  10:29  Mothership Core (Chrono Boost)  
  124  10:43  Carrier  
  124  10:48  Pylon  
  130  11:06  Carrier  
  136  11:11  Nexus  
  118  11:26  Carrier  
  118  11:33  Carrier x2  
  136  12:01  Pylon  
  94  12:43  Carrier x2  
  94  12:55  Carrier  
  106  13:17  Probe (Chrono Boost)  
  101  13:27  Probe (Chrono Boost)  
  102  13:38  Probe (Chrono Boost)  
  102  13:39  Carrier  
  109  13:44  Carrier  
  116  13:48  Probe (Chrono Boost)  
  116  13:49  Probe (Chrono Boost)  
  109  13:58  Carrier x2  
  109  14:00  Probe (Chrono Boost)  
  110  14:05  Pylon  
  110  14:07  Observer  
  123  14:18  Probe (Chrono Boost)  
  123  14:20  Carrier  
  123  14:22  Assimilator  
  130  14:24  Assimilator  
  130  14:29  Probe (Chrono Boost)  
  137  14:39  Probe (Chrono Boost)  
  137  14:43  Photon Cannon  
  138  14:46  Pylon, Photon Cannon  
  138  14:50  Probe (Chrono Boost)  
  139  15:00  Probe (Chrono Boost)  
  139  15:04  Carrier  
  146  15:09  Carrier  
  146  15:11  Probe (Chrono Boost)  
  146  15:12  Carrier  
  153  15:20  Photon Cannon  
  154  15:21  Probe (Chrono Boost)  
  154  15:24  Photon Cannon  
  160  15:32  Probe (Chrono Boost)  
  161  15:40  Pylon  
  161  15:42  Probe (Chrono Boost)  
  162  15:45  Pylon  
  162  15:46  Carrier  
  162  15:53  Probe (Chrono Boost)  
  163  15:58  Carrier  
  163  16:03  Probe (Chrono Boost)  
  176  16:55  Carrier  
  176  17:06  Carrier x2  
  194  17:11  Carrier  
  110  18:03  Carrier  
  116  18:09  Carrier  
  116  18:26  Carrier  
  122  18:32  Carrier x2  
  98  19:24  Carrier  
  82  19:28  Carrier  
  89  19:40  Carrier  
  89  19:57  Carrier  
  95  20:25  Carrier  
  101  20:38  Carrier  
  107  21:17  Nexus  
  35  24:14  Assimilator  
  35  24:16  Assimilator  
  29  24:30  Void Ray  
  29  24:31  Void Ray  
  29  24:37  Void Ray  
  41  25:15  Void Ray  
  41  25:16  Void Ray  
  48  25:36  Void Ray  
  52  25:57  Void Ray  
  35  27:00  Void Ray x2  
  34  27:06  Void Ray  
  18  27:42  Void Ray x2  
  17  27:48  Void Ray  
  29  28:23  Void Ray x2  
Show
View Real Time Build Order
Export as new Build Order

IamQ Terran 

Build Orders:  

Get SALT Encoding   

  12  0:02  SCV  
  14  0:14  SCV  
  14  0:26  SCV  
  15  0:30  Refinery  
  15  0:31  Supply Depot  
  15  0:38  Refinery  
  15  0:56  Barracks  
  15  0:58  SCV  
  16  1:10  SCV  
  17  1:14  Engineering Bay  
  17  1:24  SCV  
  18  1:36  SCV  
  19  1:58  Command Center  
  19  2:07  Planetary Fortress  
  19  2:33  Factory  
  19  2:50  Hi-Sec Auto Tracking  
  19  3:03  SCV  
  20  3:14  Factory  
  20  3:15  SCV  
  21  3:25  Refinery  
  21  3:28  SCV  
  21  3:29  Planetary Fortress  
  22  3:35  Factory Tech Lab  
  22  3:40  SCV  
  23  3:43  Refinery  
  23  3:52  SCV  
  23  3:54  Armory  
  24  4:04  SCV, Supply Depot  
  24  4:06  Factory Tech Lab  
  25  4:16  SCV x2  
  27  4:28  SCV x2  
  29  4:40  SCV x2  
  31  4:52  SCV x2  
  33  4:56  Missile Turret  
  33  5:03  Missile Turret  
  33  5:04  SCV x2  
  33  5:06  Building Armor  
  35  5:16  SCV  
  35  5:17  SCV  
  35  5:20  Terran Vehicle Weapons Level 1  
  37  5:29  SCV x2  
  37  5:33  Sensor Tower  
  39  5:40  Missile Turret  
  39  5:41  SCV  
  40  5:53  SCV, Missile Turret  
  41  6:14  Missile Turret  
  41  6:15  Missile Turret  
  41  6:24  SCV  
  42  6:36  SCV, Missile Turret  
  42  6:37  Missile Turret  
  42  6:39  Factory  
  43  6:48  SCV  
  43  6:53  Factory  
  44  6:58  Missile Turret  
  44  7:00  SCV, Supply Depot  
  45  7:01  Starport  
  45  7:12  SCV  
  46  7:19  Terran Vehicle Weapons Level 2  
  46  7:23  Thor  
  46  7:24  Supply Depot  
  46  7:26  Factory Tech Lab  
  52  7:33  Supply Depot  
  52  7:39  Factory Tech Lab  
  52  7:45  Thor  
  58  7:54  Starport Tech Lab  
  58  7:55  Barracks  
  58  7:56  Supply Depot  
  58  8:07  Supply Depot  
  58  8:13  Thor  
  58  8:14  Thor  
  58  8:18  Thor  
  58  8:19  Supply Depot  
  76  8:32  Supply Depot  
  76  8:39  Command Center  
  76  8:41  Supply Depot  
  76  9:04  Thor  
  76  9:05  Thor  
  76  9:07  Thor x2  
  100  9:52  Thor  
  106  9:53  Thor  
  112  10:02  Supply Depot  
  112  10:03  Supply Depot  
  112  10:22  Planetary Fortress  
  112  10:23  Thor  
  112  10:24  Supply Depot  
  112  10:26  Supply Depot  
  118  10:54  Raven  
  120  11:20  Command Center  
  120  11:25  Terran Vehicle Weapons Level 3  
  120  11:32  Armory  
  120  11:36  Raven  
  122  12:11  Thor  
  128  12:19  Raven  
  80  13:06  Thor  
  80  13:07  Thor  
  80  13:08  Thor  
  98  13:14  Refinery  
  98  13:29  Planetary Fortress  
  98  13:40  Refinery  
  98  13:49  Missile Turret x3  
  98  13:51  Missile Turret x2  
  98  13:52  Missile Turret  
  68  14:10  Terran Vehicle And Ship Armor Level 1  
  68  14:12  Thor  
  68  14:13  Thor  
  80  14:34  Thor  
  86  14:54  Barracks Reactor  
  86  14:55  Barracks  
  86  15:35  Missile Turret  
  86  15:36  Missile Turret  
  86  15:38  Thor x2  
  98  15:45  SCV  
  98  15:49  Raven  
  101  15:53  Barracks Reactor  
  101  15:56  Missile Turret  
  102  15:57  SCV  
  102  15:58  Missile Turret, Barracks  
  102  16:09  SCV  
  102  16:11  Supply Depot  
  103  16:21  SCV  
  103  16:24  Thor x2  
  116  16:33  SCV  
  116  16:34  Supply Depot  
  116  16:39  Marine x4  
  121  16:45  Barracks Reactor  
  121  16:56  Marine  
  121  16:57  Terran Vehicle And Ship Armor Level 2, Supply Depot, Marine x3  
  125  17:02  Supply Depot  
  125  17:03  Terran Infantry Weapons Level 1  
  125  17:08  Barracks Tech Lab  
  125  17:14  Marine x2  
  125  17:15  Marine x2  
  129  17:26  Supply Depot  
  129  17:32  Marine x3  
  129  17:33  Marine  
  133  17:52  Stimpack  
  133  17:54  Thor  
  133  17:55  Thor  
  133  17:58  Marine x5  
  150  18:15  Marine  
  150  18:16  Marine x4  
  143  19:27  Thor x3  
  143  19:28  Thor  
  143  19:31  Marine x5  
  159  19:48  Marine  
  159  19:49  Marine x4  
  164  20:06  Marine  
  164  20:07  Marine x4  
  169  20:24  Marine x3  
  169  20:25  Marine x2  
  174  20:43  Marine  
  175  21:00  Command Center, Marine x5  
  174  21:08  Terran Infantry Weapons Level 2  
  168  21:11  Terran Vehicle And Ship Armor Level 3  
  168  21:18  Marine x5  
  168  21:34  Refinery  
  168  21:36  Marine x5  
  76  22:04  Refinery  
  76  22:47  Fusion Core  
  76  22:58  Starport  
  76  22:59  Starport  
  76  23:00  Starport  
  76  23:01  Planetary Fortress  
  76  23:02  Starport  
  71  23:42  Command Center  
  71  23:43  Starport Reactor  
  71  23:45  Starport Tech Lab  
  71  23:46  Starport Tech Lab x2  
  71  23:47  Starport Tech Lab  
  71  24:06  Refinery x2  
  71  24:17  Battlecruiser x2  
  77  24:22  Battlecruiser  
  89  24:27  Marine x5  
  94  24:44  Marine x2  
  94  24:45  Marine x3  
  78  25:02  Marine x3  
  78  25:03  Marine x2  
  80  25:17  Battlecruiser  
  80  25:20  Marine x4  
  80  25:21  Marine  
  85  25:38  Marine  
  86  25:44  Marine x2  
  86  25:45  Marine x2  
  90  25:56  Marine  
  85  26:02  Marine x4  
  78  26:14  Marine  
  66  26:20  Marine x4  
  64  26:32  Marine  
  65  26:38  Marine x2  
Show
View Real Time Build Order
Export as new Build Order

Lobo Protoss 

Build Orders: Nexus First 

Get SALT Encoding   

  12  0:39  Probe (Chrono Boost)  
  13  0:55  Pylon, Probe (Chrono Boost)  
  14  0:59  Nexus  
  14  1:14  Forge  
  14  1:23  Gateway  
  14  1:26  Probe (Chrono Boost)  
  15  1:39  Probe (Chrono Boost)  
  16  1:46  Pylon  
  16  1:50  Probe (Chrono Boost)  
  17  1:55  Photon Cannon  
  17  2:00  Probe (Chrono Boost)  
  18  2:11  Photon Cannon  
  18  2:17  Probe (Chrono Boost)  
  18  2:18  Probe (Chrono Boost)  
  18  2:22  Assimilator  
  20  2:30  Cybernetics Core  
  20  2:37  Assimilator  
  20  2:38  Probe (Chrono Boost)  
  20  2:40  Probe (Chrono Boost)  
  22  2:51  Probe x2 (Chrono Boost)  
  24  2:58  Assimilator  
  24  3:03  Probe (Chrono Boost), Warp Gate, Assimilator  
  25  3:15  Probe (Chrono Boost)  
  25  3:16  Probe (Chrono Boost)  
  27  3:26  Probe (Chrono Boost)  
  29  3:28  Probe (Chrono Boost)  
  29  3:39  Probe (Chrono Boost)  
  29  3:41  Probe (Chrono Boost)  
  31  3:53  Nexus, Probe (Chrono Boost)  
  31  3:54  Probe (Chrono Boost)  
  33  4:00  Twilight Council  
  33  4:05  Probe (Chrono Boost)  
  33  4:07  Probe (Chrono Boost)  
  35  4:16  Probe (Chrono Boost)  
  36  4:22  Protoss Ground Weapons Level 1  
  36  4:33  Pylon  
  36  4:38  Blink  
  36  4:39  Probe (Chrono Boost)  
  36  4:40  Probe (Chrono Boost)  
  36  4:43  Gateway  
  38  4:49  Probe (Chrono Boost)  
  39  4:54  Gateway  
  39  4:58  Gateway  
  39  5:05  Robotics Facility  
  40  5:07  Probe (Chrono Boost)  
  40  5:08  Probe (Chrono Boost)  
  40  5:13  Probe (Chrono Boost)  
  43  5:21  Probe (Chrono Boost)  
  43  5:23  Probe (Chrono Boost)  
  44  5:33  Probe x2 (Chrono Boost)  
  47  5:36  Probe (Chrono Boost)  
  47  5:55  Forge  
  47  5:58  Observer  
  47  5:59  Forge  
  47  6:00  Stalker x4  
  47  6:01  Pylon  
  47  6:03  Probe x2 (Chrono Boost)  
  59  6:04  Probe (Chrono Boost)  
  59  6:13  Probe (Chrono Boost)  
  59  6:14  Probe (Chrono Boost)  
  59  6:15  Protoss Ground Armor Level 1  
  59  6:16  Probe (Chrono Boost)  
  62  6:18  Protoss Ground Weapons Level 2  
  62  6:19  Gateway  
  62  6:23  Protoss Shields Level 1, Gateway  
  62  6:24  Gateway  
  62  6:27  Gateway  
  62  6:29  Probe x2 (Chrono Boost)  
  62  6:31  Probe (Chrono Boost)  
  65  6:47  Stalker x3  
  65  6:50  Stalker  
  73  7:01  Pylon  
  73  7:04  Pylon  
  76  7:08  Probe x2 (Chrono Boost)  
  76  7:09  Pylon, Probe (Chrono Boost)  
  76  7:12  Assimilator  
  76  7:14  Assimilator  
  76  7:31  Robotics Bay, Stalker x5  
  76  7:32  Stalker  
  76  7:33  Stalker  
  76  7:35  Stalker  
  92  8:03  Stalker  
  92  8:04  Stalker x3  
  100  8:10  Protoss Shields Level 2  
  100  8:11  Pylon  
  100  8:14  Pylon  
  100  8:17  Pylon  
  100  8:19  Extended Thermal Lance  
  100  8:32  Pylon  
  100  8:35  Pylon  
  100  8:37  Robotics Facility  
  100  8:39  Robotics Facility  
  100  8:54  Colossus  
  106  9:18  Stalker x4  
  106  9:19  Stalker x4  
  106  9:23  Colossus x2, Protoss Ground Armor Level 2  
  122  9:28  Protoss Ground Weapons Level 3  
  134  10:00  Colossus  
  140  10:18  Pylon  
  140  10:19  Pylon  
  140  10:20  Pylon  
  140  10:22  Pylon x2  
  140  10:24  Pylon  
  140  10:27  Pylon  
  140  10:28  Colossus, Pylon  
  140  10:29  Colossus  
  140  10:30  Pylon  
  78  11:12  Colossus  
  78  11:14  Colossus  
  78  11:15  Stalker  
  78  11:16  Stalker x5  
  78  11:17  Stalker x2  
  78  11:18  Colossus  
  106  11:32  Protoss Shields Level 3  
  112  11:52  Protoss Ground Armor Level 3  
  112  11:56  Stalker x2  
  112  11:57  Stalker x5  
  112  11:58  Stalker  
  112  12:00  Nexus  
  128  12:01  Assimilator  
  128  12:03  Colossus  
  128  12:04  Colossus, Assimilator  
  140  12:55  Stalker x3  
  140  12:56  Stalker x5  
  156  13:42  Stalker x5  
  156  13:43  Stalker x3  
  160  14:08  Stalker x4  
  160  14:09  Stalker x4  
  176  14:35  Stalker x4  
  176  14:36  Stalker x3  
  176  14:37  Stalker  
  178  15:40  Stalker  
  178  15:41  Stalker x5  
  178  15:42  Stalker x2  
  68  16:17  Dark Shrine  
  60  16:58  Pylon  
  60  17:29  Dark Templar x2, Assimilator  
  64  17:30  Dark Templar x6  
  64  17:32  Assimilator  
  76  18:09  Dark Templar x4  
  76  18:10  Dark Templar x4  
  80  18:43  Dark Templar x5  
  80  18:44  Dark Templar x3  
  94  19:29  Dark Templar x2  
  94  19:30  Dark Templar x4  
  83  20:14  Archon x3  
  83  20:15  Archon x5  
  83  20:16  Archon x3  
  83  20:17  Archon  
  27  20:43  Zealot x2  
  27  20:44  Zealot x5  
  41  21:03  Charge  
  41  21:10  Zealot  
  41  21:11  Zealot x5  
  47  21:12  Zealot  
  55  21:22  Nexus  
  55  21:25  Assimilator  
  55  21:26  Assimilator  
Show
View Real Time Build Order
Export as new Build Order

reddock Terran 

Build Orders:  

Get SALT Encoding   

  12  0:01  SCV  
  13  0:15  SCV  
  13  0:19  Supply Depot  
  14  0:27  SCV  
  15  0:41  SCV  
  16  0:50  Barracks  
  16  0:53  SCV  
  17  1:04  Refinery  
  17  1:12  SCV  
  18  1:19  Barracks  
  18  1:24  SCV  
  19  1:37  Orbital Command  
  19  1:39  Marine  
  20  1:52  Command Center  
  20  2:04  Supply Depot, Marine  
  21  2:08  SCV  
  22  2:18  Factory  
  22  2:22  SCV  
  23  2:27  Marine  
  24  2:31  Refinery  
  24  2:43  Barracks Tech Lab  
  24  2:45  Marine  
  24  2:47  SCV  
  26  3:01  Refinery  
  26  3:04  Marine  
  26  3:05  Marine  
  27  3:06  Stimpack  
  27  3:08  Orbital Command  
  27  3:10  SCV  
  29  3:15  Factory Tech Lab  
  29  3:27  Engineering Bay  
  29  3:28  SCV  
  30  3:37  Starport, SCV  
  31  3:41  SCV  
  32  3:49  Marine  
  32  3:52  Barracks Reactor  
  33  3:59  SCV x2  
  35  4:04  Supply Depot  
  35  4:09  Siege Tank  
  38  4:14  Starport Reactor  
  38  4:27  SCV x2  
  38  4:28  Factory  
  40  4:36  Marine x3  
  40  4:37  Supply Depot  
  43  4:40  SCV x2, Refinery  
  45  4:48  Siege Tank  
  45  4:52  Supply Depot  
  48  4:58  Armory  
  48  4:59  Medivac x2  
  52  5:00  Marine  
  52  5:01  Marine  
  52  5:04  SCV  
  52  5:05  SCV  
  56  5:07  Marine  
  56  5:13  Factory Tech Lab  
  57  5:17  SCV  
  58  5:22  Missile Turret  
  58  5:23  Marine  
  58  5:24  Marine  
  60  5:29  Siege Tank  
  60  5:30  SCV x2  
  65  5:37  Supply Depot  
  65  6:02  Siege Tank  
  65  6:03  Marine x2, Siege Tank  
  65  6:04  Marine  
  74  6:13  SCV  
  74  6:14  SCV  
  76  6:19  Supply Depot  
  76  6:21  Supply Depot, Marine  
  76  6:22  Supply Depot  
  77  6:50  Siege Tank  
  77  6:51  Siege Tank  
  82  6:59  Marine x3  
  68  7:17  Marine  
  50  7:43  SCV  
  51  7:44  SCV  
  51  7:47  Terran Vehicle Weapons Level 1  
  52  7:54  Barracks  
  52  7:55  Barracks  
  52  7:56  Barracks  
  52  8:01  Barracks  
  52  8:04  Barracks  
  52  8:07  SCV x2  
  54  8:14  Siege Tank x2  
  45  9:11  Orbital Command  
  45  9:15  Siege Tank  
  48  9:17  Siege Tank  
  48  9:19  Barracks Reactor x3  
  51  9:34  Terran Infantry Weapons Level 1  
  51  9:42  Terran Vehicle And Ship Armor Level 1  
  51  9:47  Siege Tank  
  54  9:53  Refinery  
  54  10:06  Marine x6  
  60  10:17  Barracks  
  60  10:20  SCV x2  
  62  10:33  Siege Tank x2  
  62  10:34  Marine x6  
  74  10:51  Marine  
  74  10:52  Marine x4  
  76  11:26  Marine  
  76  11:27  Marine x5  
  76  11:28  Siege Tank x2  
  88  11:44  Marine  
  88  11:45  Marine  
  90  11:50  Marine x4  
  90  11:51  Medivac x2  
  98  12:00  Siege Tank x2  
  101  12:02  Marine  
  100  12:16  Marine x2  
  102  12:30  Supply Depot  
  102  12:31  Supply Depot  
  102  12:32  Supply Depot  
  102  12:33  Terran Vehicle Weapons Level 2  
  102  12:34  Supply Depot  
  102  12:35  Terran Infantry Weapons Level 2, Marine x6, Medivac x2  
  102  12:36  Supply Depot  
  109  12:53  Marine x6  
  109  12:54  Supply Depot  
  109  12:57  Supply Depot  
  98  13:12  Marine  
  98  13:13  Marine x5  
  87  13:30  Marine  
  87  13:31  Marine x4  
  75  13:35  Marine  
  75  13:37  Viking x2  
  71  13:48  Marine x2  
  68  14:24  Siege Tank x2  
  74  14:29  Command Center  
  49  14:43  Marine  
  49  14:44  Marine  
  47  14:59  Viking x2  
  51  15:00  Marine  
  51  15:01  Marine  
  53  15:08  Marine x3  
  53  15:09  Marine  
  57  15:23  Command Center  
  57  15:36  Command Center  
  54  15:53  Marine x6  
  57  16:10  Marine  
  57  16:11  Marine  
  58  16:17  Marine  
  58  16:18  Marine x3  
  63  16:28  Marine  
  63  16:29  Marine  
  65  16:35  Marine  
  65  16:36  Marine x3  
  69  16:46  Viking x2, Marine x2  
  74  16:53  Marine  
  76  16:57  Starport  
  76  16:59  Starport  
  76  17:01  Marine x3  
  77  17:04  Marine  
  80  17:09  Orbital Command  
  80  17:13  Refinery  
  80  17:15  Refinery  
  80  17:16  Medivac  
  82  17:24  Marine x3  
  82  17:25  Marine x2  
  82  17:26  Marine  
  82  17:29  Terran Infantry Weapons Level 3  
  88  17:32  Terran Ship Weapons Level 1  
  88  17:52  Marine x2  
  88  17:53  Marine x4  
  88  17:54  Viking  
  88  17:55  Viking  
  88  17:56  Starport Tech Lab  
  88  17:57  Starport Reactor  
  98  18:10  Marine  
  99  18:13  Marine  
  99  18:14  Marine x4  
  99  18:17  Siege Tank x2  
  99  18:19  Viking  
  112  18:28  Marine  
  112  18:31  Marine  
  112  18:32  Marine x3  
  117  18:39  Supply Depot  
  117  18:40  Viking x3  
  121  18:42  Viking  
  109  19:13  Viking x3  
  104  19:39  Marine x3  
  106  20:12  Orbital Command  
  106  21:06  Marine  
  106  21:07  Marine x3  
  110  21:23  Marine x2  
  110  21:24  Marine x4  
  116  21:28  Orbital Command  
  96  22:16  Marine  
  96  22:17  Marine x5  
  96  22:22  Viking x2  
  104  22:23  Viking  
  108  22:34  Marine  
  108  22:35  Marine x5  
  113  22:52  Marine x2  
  67  23:39  Marine  
  67  23:40  Marine x5  
  69  23:57  Marine  
  69  23:58  Marine x5  
  54  24:15  Marine  
  54  24:16  Marine x5  
  38  25:24  Marine  
  38  25:25  Marine x5  
  38  25:27  Viking x2  
  38  25:28  Viking x3  
  42  25:42  Marine  
  42  25:43  Marine x5  
  44  26:00  Marine  
  44  26:01  Marine x2  
  29  27:23  Marine  
  29  27:24  Marine x5  
  35  27:41  Marine  
  35  27:42  Marine x2  
  22  28:49  Marine x6  
  22  29:07  Marine x6  
  26  29:24  Marine  
  26  29:25  Marine x5  
  29  29:42  Marine x3  
  29  29:43  Marine x3  
  35  29:49  Supply Depot  
  35  30:00  Marine x4  
  35  30:01  Marine x2  
  41  30:18  Marine  
  38  30:38  Marine x3  
  38  30:39  Marine  
  38  30:40  Marine x2  
  42  30:56  Marine x4  
  46  30:57  Marine  
  46  30:58  Marine  
  44  31:14  Marine x4  
  44  31:15  Marine x2  
  50  31:28  Supply Depot  
  50  31:32  Marine x2  
  50  31:45  Marine  
  50  31:46  Marine x3  
  54  31:49  Marine x2  
  56  32:03  Marine x3  
  56  32:04  Marine  
  56  32:07  Marine x2  
Show
View Real Time Build Order
Export as new Build Order

originaldead Zerg - Winner!

Build Orders: Pool First 

Get SALT Encoding   

  12  0:23  Spawning Pool  
  11  0:32  Drone x3  
  14  0:45  Overlord  
  14  0:59  Drone, Extractor  
  14  1:06  Drone  
  15  1:13  Queen  
  17  1:20  Extractor  
  16  1:26  Drone x2  
  18  1:38  Drone  
  19  1:48  Drone  
  20  1:54  Lair  
  20  2:08  Drone  
  21  2:12  Overlord  
  21  2:37  Overlord  
  21  2:43  Drone  
  21  2:44  Drone x2  
  24  2:53  Queen  
  24  2:56  Overlord  
  26  3:04  Hydralisk Den  
  25  3:21  Overlord  
  25  3:36  Muscular Augments  
  25  3:38  Drone  
  25  3:40  Hydralisk  
  25  3:41  Hydralisk  
  30  4:10  Hydralisk  
  30  4:11  Hydralisk x4  
  40  4:24  Hydralisk  
  42  4:41  Hydralisk x3  
  42  4:42  Hydralisk  
  50  5:00  Hydralisk  
  50  5:01  Hydralisk  
  54  5:08  Overlord  
  54  6:14  Hydralisk  
  54  6:15  Hydralisk x3  
  62  6:25  Extractor  
  61  6:27  Hatchery  
  61  6:30  Extractor  
  43  7:52  Queen  
  43  7:53  Drone x2  
  47  8:16  Drone x2  
  47  8:17  Drone x4  
  53  8:22  Drone x2  
  55  8:28  Queen  
  51  9:16  Spire  
  50  9:19  Spire  
  50  9:22  Drone x2  
  50  9:23  Drone  
  52  9:58  Hatchery  
  51  10:01  Extractor x2  
  51  10:03  Drone x4  
  51  10:04  Drone  
  54  10:13  Overlord  
  54  10:31  Zerg Flyer Weapons Level 1, Zerg Flyer Armor Level 1  
  54  10:35  Corruptor x5  
  64  10:57  Corruptor x4  
  64  10:58  Corruptor  
  74  11:06  Corruptor  
  76  11:13  Drone  
  76  11:14  Queen  
  79  11:19  Corruptor  
  79  11:21  Overlord  
  81  11:45  Corruptor x3  
  45  13:28  Corruptor x2  
  45  13:29  Corruptor x7  
  45  13:30  Corruptor x2  
  65  13:48  Drone x2  
  65  13:49  Drone  
  68  14:08  Drone x7  
  68  14:09  Drone  
  74  14:43  Hatchery  
  73  14:47  Mutalisk x2  
  73  14:48  Mutalisk  
  59  16:34  Corruptor x4  
  67  16:45  Corruptor  
Show
View Real Time Build Order
Export as new Build Order

YippyKiYay Terran - Winner!

Build Orders:  

Get SALT Encoding   

  12  0:02  SCV  
  13  0:14  SCV  
  13  0:19  Supply Depot  
  14  0:26  Refinery  
  14  0:29  SCV  
  15  0:44  Barracks  
  15  0:46  SCV  
  16  0:56  Refinery  
  16  0:59  SCV  
  17  1:11  SCV  
  18  1:23  SCV  
  19  1:35  SCV  
  20  1:42  Marine  
  21  1:47  SCV, Barracks  
  22  2:15  Orbital Command  
  22  2:19  Marine  
  23  2:23  Engineering Bay  
  23  2:36  Supply Depot  
  23  2:57  SCV  
  24  3:14  Marine x2  
  24  3:18  SCV  
  27  3:20  Command Center  
  27  3:30  SCV  
  28  3:38  Factory  
  28  3:45  SCV  
  29  3:50  Missile Turret  
  29  3:55  Terran Infantry Weapons Level 1  
  29  3:57  SCV  
  30  4:09  SCV  
  31  4:27  Barracks Tech Lab  
  31  4:30  Refinery  
  31  4:31  Refinery  
  31  4:33  Factory Reactor  
  31  4:36  SCV, Barracks Reactor  
  32  4:48  SCV  
  33  5:00  SCV  
  33  5:03  Combat Shields  
  34  5:07  Command Center  
  34  5:12  SCV  
  35  5:16  Refinery  
  35  5:17  Supply Depot  
  35  5:18  Refinery  
  35  5:22  Supply Depot, Marine x2  
  35  5:24  SCV, Marine  
  39  5:30  Widow Mine  
  39  5:32  Widow Mine  
  43  5:40  Orbital Command, Marine  
  43  5:41  Supply Depot  
  44  5:46  SCV  
  45  5:50  Marine  
  45  5:53  Terran Infantry Armor Level 1  
  46  5:58  SCV  
  47  6:10  SCV  
  48  6:22  SCV  
  48  6:23  Planetary Fortress  
  49  6:33  Widow Mine x2  
  49  6:34  SCV  
  49  6:36  Marine  
  49  6:37  Marine  
  56  6:46  SCV  
  57  7:02  Widow Mine  
  57  7:04  Starport  
  57  7:05  Starport x2, Marine  
  57  7:06  Marine x2  
  57  7:08  Stimpack  
  62  7:23  Marine x2  
  62  7:25  SCV  
  62  7:29  SCV  
  66  7:37  SCV  
  66  7:41  SCV  
  68  7:49  SCV  
  69  7:53  SCV, Marine x3  
  69  7:55  Starport Tech Lab x3  
  73  8:01  SCV  
  73  8:04  Armory  
  74  8:05  SCV  
  74  8:06  Armory  
  74  8:07  Fusion Core  
  74  8:09  SCV  
  76  8:13  SCV  
  76  8:18  SCV  
  76  8:21  SCV  
  77  8:30  SCV  
  77  8:33  SCV  
  74  8:42  SCV  
  74  8:46  SCV  
  76  8:54  SCV  
  75  8:58  Battlecruiser  
  81  9:07  Battlecruiser  
  81  9:09  Battlecruiser  
  85  9:23  Command Center  
  85  9:29  Missile Turret  
  85  9:54  Supply Depot  
  85  9:55  Supply Depot  
  85  10:12  Terran Ship Weapons Level 1, Marine x2, Terran Vehicle And Ship Armor Level 1  
  85  10:13  Battlecruiser  
  93  10:15  Terran Infantry Weapons Level 2, Marine  
  93  10:17  Supply Depot  
  93  10:18  Battlecruiser  
  93  10:19  Supply Depot, Battlecruiser  
  106  10:28  Widow Mine  
  106  10:33  Marine  
  106  10:34  Widow Mine  
  106  10:35  Marine x2  
  113  10:38  SCV  
  113  10:41  Supply Depot  
  114  10:49  Refinery  
  114  10:50  SCV  
  114  10:51  Marine  
  114  10:52  Marine x2  
  118  10:57  Barracks  
  118  10:59  Planetary Fortress, Barracks  
  118  11:01  Barracks  
  118  11:02  SCV, Barracks  
  119  11:13  Refinery  
  119  11:14  SCV  
  119  11:17  Battlecruiser  
  126  11:22  Battlecruiser  
  126  11:23  Battlecruiser  
  126  11:25  Marine x2  
  138  11:26  SCV, Marine  
  142  11:37  Widow Mine x2  
  146  11:43  Marine x2  
  144  11:50  Barracks Reactor x3  
  144  11:51  Barracks Reactor  
  144  12:06  Widow Mine  
  146  12:12  Supply Depot  
  146  12:31  Battlecruiser x2  
  146  12:36  Supply Depot  
  158  12:46  Terran Ship Weapons Level 2  
  158  12:47  Terran Vehicle And Ship Armor Level 2  
  158  12:56  Battlecruiser  
  149  13:43  Marine x7  
  149  13:44  Marine  
  149  13:46  Battlecruiser x2  
  165  14:58  Supply Depot  
  165  14:59  Supply Depot  
  165  15:01  Supply Depot  
  165  15:19  Marine x2  
  165  15:20  Battlecruiser  
  165  15:21  Battlecruiser, Marine x2  
  181  15:23  Supply Depot, Battlecruiser  
  181  15:26  Marine x2  
  189  15:45  Marine x8  
  179  16:02  Marine x2  
  175  16:25  Battlecruiser  
  175  16:29  Marine x7  
  175  16:30  Marine  
  183  16:33  Terran Ship Weapons Level 3  
  183  16:34  Terran Vehicle And Ship Armor Level 3  
  183  16:46  Marine  
  183  16:47  Marine x4  
  183  16:48  Widow Mine x2  
  192  17:16  Widow Mine  
  192  17:20  Battlecruiser  
  194  17:32  Battlecruiser  
  197  18:26  Marine x2  
  197  18:31  Marine x2  
  197  18:36  Marine x3  
  192  18:56  Battlecruiser  
  195  19:05  Terran Infantry Weapons Level 3  
  195  19:08  Marine x3  
  197  19:13  Marine x3  
  197  19:14  Marine  
  197  19:17  Marine  
  196  19:26  Marine  
  197  19:34  Marine  
  197  19:35  Marine x2  
  197  19:36  Marine x4  
  197  19:38  Battlecruiser  
  192  19:39  Battlecruiser  
  192  19:43  Marine  
  190  19:48  Missile Turret  
  190  19:50  Missile Turret  
  190  19:52  Marine  
  191  19:53  Marine x6  
  151  20:52  Fusion Core  
  139  21:08  Marine x6  
  139  21:09  Marine x2  
  138  21:13  Marine  
  138  21:14  Marine x2  
  141  21:26  Marine x8  
  141  21:31  Marine  
  144  21:43  Marine x2  
  146  22:20  Widow Mine x2  
  143  22:33  Marine x4  
  143  22:34  Marine x4  
  145  22:38  Marine x3  
  143  22:48  Widow Mine x2  
  143  22:49  Battlecruiser x3  
  143  22:51  Marine x6  
  159  22:52  Marine x2  
  159  22:56  Marine x3  
  164  23:09  Marine x7  
  164  23:10  Marine  
  165  23:17  Widow Mine x2  
  169  23:26  Marine  
  169  23:27  Marine  
  159  23:47  Marine x8  
  167  23:53  Battlecruiser  
  167  24:04  Marine  
  167  24:05  Marine x7  
  175  25:05  Marine x5  
  175  25:06  Marine  
  173  25:08  Marine  
  173  25:09  Battlecruiser  
  173  25:15  Battlecruiser  
  173  25:19  Command Center  
  173  25:41  Marine  
  173  25:42  Marine x3  
  172  25:44  Battlecruiser  
  136  26:39  Marine x5  
  125  26:40  Marine x3  
  122  26:55  Battlecruiser x2  
  122  26:56  Battlecruiser  
  122  26:57  Marine x2  
  138  27:10  Marine x4  
  138  27:11  Marine x2  
  138  27:15  Marine x2  
  127  27:28  Marine x6  
  128  27:32  Marine x2  
  129  27:46  Marine x6  
  129  27:50  Marine  
  110  28:23  Marine x5  
  110  28:24  Marine x3  
  118  28:33  Planetary Fortress  
  115  28:40  Marine x3  
  115  28:41  Marine x6  
  114  28:42  Marine x2  
  104  28:58  Marine x4  
  104  28:59  Marine  
  97  29:07  Marine x6  
  97  29:16  Marine x5  
  102  29:24  Marine  
  102  29:25  Marine x3  
  106  29:34  Marine x3  
  106  29:37  Marine  
  106  29:38  Marine x3  
  112  29:41  Viking x3  
  106  30:50  Marine x7  
  113  31:23  Orbital Command  
  105  31:45  Marine x6  
  105  31:46  Marine x2  
  113  31:55  Marine x2  
  113  31:56  Marine  
  116  32:03  Marine x8  
  124  32:13  Marine x3  
  111  32:20  Marine  
  111  32:21  Marine x5  
  112  32:31  Marine x3  
  115  32:38  Marine  
Show
View Real Time Build Order
Export as new Build Order

SkylinE Protoss - Winner!

Build Orders: Double Forge 

Get SALT Encoding   

  12  0:02  Probe (Chrono Boost)  
  13  0:12  Probe (Chrono Boost)  
  14  0:19  Pylon  
  14  0:23  Probe (Chrono Boost)  
  15  0:37  Probe (Chrono Boost)  
  15  0:42  Forge  
  16  0:44  Assimilator  
  16  0:51  Assimilator  
  16  0:52  Probe (Chrono Boost)  
  17  1:03  Probe (Chrono Boost)  
  18  1:13  Probe (Chrono Boost)  
  19  1:24  Pylon  
  19  1:40  Probe (Chrono Boost)  
  20  1:48  Nexus  
  20  1:58  Pylon, Probe (Chrono Boost)  
  21  2:09  Probe (Chrono Boost)  
  21  2:11  Pylon  
  22  2:19  Probe (Chrono Boost)  
  23  2:26  Photon Cannon  
  24  2:30  Probe (Chrono Boost)  
  24  2:42  Photon Cannon  
  24  2:45  Probe (Chrono Boost)  
  25  2:55  Assimilator  
  25  2:56  Probe (Chrono Boost)  
  26  2:58  Protoss Ground Weapons Level 1  
  26  3:10  Gateway  
  26  3:13  Probe (Chrono Boost)  
  26  3:16  Probe (Chrono Boost)  
  28  3:24  Probe (Chrono Boost)  
  29  3:40  Gateway  
  29  3:45  Pylon  
  29  3:48  Probe x2 (Chrono Boost)  
  31  3:59  Cybernetics Core, Probe x2 (Chrono Boost)  
  33  4:12  Probe x2 (Chrono Boost)  
  35  4:22  Warp Gate, Probe x2 (Chrono Boost)  
  37  4:30  Forge  
  37  4:33  Probe (Chrono Boost)  
  38  4:44  Pylon  
  38  4:49  Photon Cannon  
  38  4:56  Assimilator  
  38  5:01  Gateway  
  38  5:04  Robotics Facility  
  38  5:18  Adept x2  
  42  5:26  Protoss Shields Level 1  
  42  5:40  Gateway  
  42  5:42  Gateway  
  42  5:44  Pylon  
  42  5:45  Adept x2  
  42  5:46  Pylon  
  46  6:03  Twilight Council  
  46  6:06  Protoss Ground Armor Level 1  
  46  6:14  Probe (Chrono Boost)  
  46  6:16  Probe (Chrono Boost)  
  48  6:18  Adept  
  48  6:19  Adept  
  48  6:22  Observer  
  48  6:25  Probe (Chrono Boost)  
  54  6:28  Probe (Chrono Boost)  
  55  6:48  Robotics Bay  
  55  6:52  Gateway  
  55  6:54  Gateway  
  55  6:56  Robotics Facility  
  55  6:57  Stalker x2  
  59  7:10  Stalker  
  59  7:11  Stalker  
  62  7:39  Colossus  
  68  7:46  Protoss Ground Weapons Level 2  
  68  7:49  Resonating Glaives  
  68  7:52  Colossus  
  68  7:57  Extended Thermal Lance  
  74  8:19  Adept x5  
  84  8:20  Adept  
  84  8:22  Pylon  
  84  8:26  Colossus  
  92  8:39  Colossus  
  92  8:48  Protoss Ground Armor Level 2  
  98  9:08  Stalker x2  
  102  9:26  Pylon  
  102  9:28  Pylon  
  102  9:29  Blink  
  102  9:30  Pylon  
  102  9:32  Pylon  
  102  9:35  Pylon  
  102  9:37  Colossus  
  102  9:39  Pylon  
  102  9:41  Pylon  
  108  9:52  Stalker x5  
  118  9:53  Stalker  
  120  10:02  Protoss Shields Level 2  
  120  10:05  Colossus  
  126  10:23  Nexus  
  126  10:26  Pylon  
  126  10:28  Pylon  
  74  10:52  Colossus  
  74  10:56  Stalker x5  
  74  10:57  Stalker  
  72  11:16  Assimilator  
  72  11:20  Assimilator  
  72  11:37  Stalker x2  
  72  11:38  Stalker  
  72  11:39  Stalker x2  
  81  11:40  Stalker  
  81  12:21  Stalker x5  
  81  12:22  Stalker  
  93  12:32  Cybernetics Core  
  65  12:51  Colossus x2  
  67  13:02  Sentry  
  67  13:03  Sentry  
  51  13:29  Stalker x4  
  60  13:43  Probe (Chrono Boost)  
  60  13:50  Assimilator  
  60  13:55  Probe (Chrono Boost)  
  61  13:57  Photon Cannon  
  61  13:59  Colossus  
  61  14:00  Photon Cannon  
  61  14:07  Probe (Chrono Boost)  
  68  14:37  Probe (Chrono Boost)  
  68  14:38  Probe x2 (Chrono Boost)  
  71  14:43  Nexus  
  71  14:47  Pylon  
  36  15:57  Cybernetics Core  
  36  15:59  Pylon  
  35  16:11  Gateway  
  35  16:23  Robotics Facility  
  35  16:28  Gateway  
  35  16:30  Gateway  
  35  16:31  Gateway  
  32  16:41  Gateway x2  
  32  16:53  Robotics Facility  
  32  17:13  Robotics Bay  
  32  17:19  Probe x2 (Chrono Boost)  
  34  17:23  Assimilator  
  34  17:29  Probe x2 (Chrono Boost)  
  36  17:40  Probe x2 (Chrono Boost)  
  38  17:50  Probe x2 (Chrono Boost)  
  40  17:52  Pylon  
  40  17:54  Pylon  
  40  17:56  Pylon  
  40  18:01  Probe x2 (Chrono Boost)  
  42  18:05  Colossus  
  42  18:06  Colossus, Pylon  
  42  18:09  Stalker x4  
  42  18:10  Stalker x2  
  66  18:39  Stalker x5  
  66  18:40  Stalker  
  60  19:36  Stalker x2  
  60  19:37  Stalker x3  
  11  20:40  Nexus  
  11  20:44  Pylon  
  10  21:31  Nexus  
  10  21:59  Pylon  
  10  22:03  Pylon  
  10  22:07  Assimilator  
  10  22:11  Assimilator  
Show
View Real Time Build Order
Export as new Build Order

Kanibal Protoss - Winner!

Build Orders:  

Get SALT Encoding   

  12  0:06  Probe (Chrono Boost)  
  13  0:16  Probe (Chrono Boost)  
  14  0:27  Pylon, Probe (Chrono Boost)  
  15  0:45  Probe (Chrono Boost)  
  16  0:56  Probe (Chrono Boost)  
  17  1:05  Assimilator  
  17  1:06  Probe (Chrono Boost)  
  17  1:09  Assimilator  
  18  1:12  Gateway  
  18  1:17  Probe (Chrono Boost)  
  19  1:20  Pylon  
  19  1:27  Probe (Chrono Boost)  
  20  1:38  Probe (Chrono Boost)  
  21  1:48  Probe (Chrono Boost)  
  22  1:58  Forge  
  22  2:17  Nexus, Gateway  
  22  2:20  Pylon  
  22  2:26  Gateway  
  22  2:31  Protoss Ground Weapons Level 1  
  22  2:45  Cybernetics Core  
  22  3:08  Warp Gate  
  22  3:22  Gateway  
  22  3:25  Stalker x2  
  22  3:26  Stalker  
  28  3:36  Probe (Chrono Boost)  
  28  3:37  Probe (Chrono Boost)  
  30  3:47  Probe (Chrono Boost)  
  32  3:50  Probe (Chrono Boost)  
  34  3:56  Sentry x3  
  34  3:57  Probe (Chrono Boost)  
  34  4:02  Probe (Chrono Boost)  
  40  4:08  Probe (Chrono Boost)  
  41  4:18  Probe (Chrono Boost)  
  41  4:20  Probe (Chrono Boost)  
  43  4:28  Stalker  
  43  4:29  Stalker x2, Probe (Chrono Boost)  
  43  4:31  Stalker  
  53  4:32  Probe (Chrono Boost)  
  53  4:45  Robotics Facility  
  53  4:48  Pylon  
  53  4:56  Twilight Council  
  54  5:00  Probe (Chrono Boost)  
  54  5:06  Probe (Chrono Boost)  
  55  5:12  Probe (Chrono Boost)  
  56  5:17  Probe (Chrono Boost)  
  57  5:28  Stalker x2  
  61  5:35  Pylon  
  61  5:36  Assimilator  
  61  5:38  Observer  
  61  5:41  Assimilator  
  61  5:42  Protoss Ground Armor Level 1  
  62  5:52  Pylon  
  62  5:57  Pylon  
  62  5:59  Blink  
  62  6:00  Observer  
  62  6:02  Pylon  
  62  6:03  Probe (Chrono Boost)  
  65  6:04  Probe (Chrono Boost)  
  65  6:14  Probe (Chrono Boost)  
  65  6:16  Probe (Chrono Boost)  
  67  6:24  Adept x4  
  76  6:26  Probe (Chrono Boost)  
  76  6:28  Probe (Chrono Boost)  
  77  6:39  Probe (Chrono Boost)  
  79  6:40  Probe (Chrono Boost)  
  53  7:31  Adept x4  
  61  7:38  Protoss Ground Weapons Level 2  
  54  8:02  Pylon  
  54  8:05  Gateway  
  54  8:06  Gateway  
  54  8:08  Gateway  
  46  8:41  Forge  
  46  8:43  Forge  
  46  8:50  Gateway, Observer  
  46  8:52  Dark Shrine  
  47  9:05  Protoss Ground Armor Level 2  
  47  9:19  Stalker x3  
  47  9:20  Stalker  
  55  9:24  Protoss Shields Level 1  
  55  9:32  Nexus  
  55  9:44  Stalker x5  
  55  9:45  Stalker x2  
  68  10:15  Dark Templar x2  
  68  10:16  Dark Templar x5  
  68  10:17  Dark Templar  
  84  10:25  Pylon  
  68  11:05  Stalker x5  
  68  11:06  Stalker x3  
  46  11:34  Dark Templar x3  
  46  11:35  Dark Templar x2  
  44  12:21  Stalker x3  
  44  12:22  Stalker x4  
  56  12:23  Stalker  
  60  12:40  Robotics Facility  
  60  12:42  Robotics Facility  
  44  13:00  Dark Templar x3  
  44  13:02  Zealot x3  
  44  13:03  Zealot  
  52  13:42  Zealot x3  
  52  13:43  Zealot x4, Charge  
  52  13:44  Zealot  
  64  14:34  Immortal x3  
  72  14:55  Zealot x4  
  78  15:13  Immortal x2  
  78  15:14  Immortal  
  87  15:31  Zealot  
  56  16:55  Probe (Chrono Boost)  
  52  17:49  Zealot x2  
  52  17:50  Zealot x2  
  60  18:49  Zealot x4  
  60  18:50  Zealot  
  63  19:51  Observer  
  34  20:22  Zealot x3  
  34  20:23  Zealot x2  
  44  21:30  Nexus  
Tags
 
Add a new tag
Caveats
  • Supply blocks, unpowered buildings, or Contaminate may cause inaccurate times.
  • Supply counts are checked every 10 seconds.